 Dungeon Crawl Stone Soup version 0.29-a0-721-g7f417c9bbb (webtiles) character file.

Game seed: 4667523165983190085

17 crusatyr the Chiller (level 2, 0/20 HPs)
             Began as a Draconian Ice Elementalist on June 28, 2022.
             Slain by a kobold
             ... wielding a +0 short sword of electrocution
              (20 damage)
             ... on level 1 of the Dungeon.
             The game lasted 00:01:34 (689 turns).

crusatyr the Chiller (Draconian Ice Elementalist)    Turns: 689, Time: 00:01:35

Health: 0/20       AC:  4    Str: 10    XL:     2   Next: 44%
Magic:  5/5        EV: 11    Int: 15    God:
Gold:   47         SH:  3    Dex: 11    Spells: 4/5 levels left

rFire   . . .      SeeInvis .   d - +0 dagger
rCold   . . .      Faith    .   c - +0 buckler
rNeg    . . .      Spirit   .   (body armour unavailable)
rPois   .          Reflect  .   (helmet restricted)
rElec   .          Harm     .   (no cloak)
rCorr   .          Rampage  .   (no gloves)
Will    .....                   (no boots)
Stlth   ++........              (no amulet)
HPRegen 0.06/turn               (no ring)
MPRegen 0.09/turn               (no ring)

@: no status effects
A: AC +4, unfitting armour, cold-blooded
a: no special abilities


You were on level 1 of the Dungeon.
You visited 1 branch of the dungeon, and saw 1 of its levels.

You collected 47 gold pieces.

Inventory:

Hand Weapons
 b - a +0 long sword
 d - a +0 dagger (weapon)
Armour
 c - a +0 buckler (worn)
Scrolls
 f - 2 scrolls of enchant weapon {unknown}
 g - a scroll of enchant armour {unknown}
Potions
 a - 3 potions of magic
 e - a potion of brilliance {unknown}


   Skills:
 + Level 0.5 Short Blades
 - Level 1.7 Dodging
 * Level 2.3 Stealth
 + Level 2.2 Spellcasting
 + Level 4.1 Ice Magic


You had 4 spell levels left.
You knew the following spells:

 Your Spells              Type           Power      Damage    Failure   Level
a - Freeze                Ice            56%        1d7       5%          1

Your spell library contained the following spells:

 Spells                   Type           Power      Damage    Failure   Level
 Frozen Ramparts          Ice            28%        1d4       16%         3
 Ozocubu's Armour         Ice            14%        N/A       16%         3
 Hailstorm                Conj/Ice       7%         3d4       77%         4


Dungeon Overview and Level Annotations

Branches:
Dungeon (1/15)

Altars:


Innate Abilities, Weirdness & Mutations

Your plain brown scales are hard. (AC +4)
You cannot fit into any form of body armour.
You are cold-blooded and may be slowed by cold attacks.


Message History

An endoplasm is nearby!
An endoplasm is nearby!
Found a stone staircase leading down.
The endoplasm closely misses you.
You barely miss the endoplasm. The endoplasm misses you.
You hit the endoplasm.
The endoplasm is almost dead.
The endoplasm closely misses you.
You hit the endoplasm.
You kill the endoplasm!
No target in view!
a - 3 potions of magic (gained 2)
A giant cockroach comes into view.
A giant cockroach is nearby!
A giant cockroach is nearby!
Found a scroll labelled PAEB WYQUU.
Found a fuming coppery potion.
The helpless giant cockroach fails to defend itself.
You puncture the giant cockroach!
You kill the giant cockroach!
No target in view!
A kobold comes into view.
It is wielding a +0 short sword of electrocution.
The kobold shouts!
A kobold is nearby!
A kobold is nearby!
A kobold is nearby!
A goblin comes into view. It is wielding a +0 dagger.
A kobold comes into view. It is wielding a +0 club.
The kobold shouts!
Found a faded altar of an unknown god.
You block the kobold's attack.
The goblin shouts!
You hit the kobold.
The kobold is moderately wounded.
You block the kobold's attack. The kobold attacks as you move away!
The kobold barely misses you. The kobold attacks as you move away!
The kobold hits you but does no damage. The kobold attacks as you move away!
The kobold hits you but does no damage.
You are electrocuted!!
Ouch! That really hurt!
You die...

#####.# #.######.#.###.#
#.....## #.# #.#.##.##
#...>.>####.######.#.#.##
#.....................##
#......###########...#.##
#.....## .........)÷##
###>#.# .####...###.#
#.#.######...###...†....
#.#...K@.........#.)###.
#.....####...###........
#.....# ## ###..###.
#....K# ##(.# #. #.....#
........###. #....g##
######..##.. #.#....#
#..#.#. #?#....# #......
#.#....# #..#.#.


You could see a kobold.

Vanquished Creatures
  2 endoplasms (D:1)
  A giant cockroach (D:1)
  A goblin (D:1)
  2 hobgoblins (D:1)
  7 kobolds (D:1)
  A frilled lizard (D:1)
  A rat (D:1)
15 creatures vanquished.

Notes
Turn   | Place    | Note
-------+----------+-------------------------------------------
     0 | D:1      | crusatyr the Draconian Ice Elementalist began the quest for
                  | the Orb.
     0 | D:1      | Reached XP level 1. HP: 14/14 MP: 3/3
   286 | D:1      | Reached XP level 2. HP: 20/20 MP: 5/5
   679 | D:1      | Found a faded altar of an unknown god.
   689 | D:1      | Slain by a kobold

Illustrated notes

Levels and vault maps discovered:
D:1:      minmay_arrival_wavy_path, layout_loops_ring,
          ebering_ecumenical_altar_petrified

Skill      XL: |  1 |
---------------+----+-----
Stealth        | 2 |  2.3
Short Blades   | |  0.5
Dodging        | |  1.7
Spellcasting   | |  2.2
Ice Magic      | |  4.1

Action                   || total
-------------------------++-------
Melee: Dagger            ||    47
       Long sword        ||     4
       Tailslap          ||     8
 Stab: Sleeping          ||     3
Armor: Skin              ||    12
Dodge: Dodged            ||    27
Block: Buckler           ||     9

Table legend: (Time is in decaauts)
 A = Elapsed time spent in this place.
 B = Non-inter-level travel time spent in this place.
 C = Inter-level travel time spent in this place.
 D = Time resting spent in this place.
 E = Time spent auto-exploring this place.
 F = Levels seen in this place.
 G = Mean time per level.
                   A        B        C        D        E       F      G
               +--------+--------+--------+--------+--------+-----+--------+
         Total |    691 |    691 |      0 |    227 |    288 |   1 |  691.0 |
       Dungeon |    691 |    691 |      0 |    227 |    288 |   1 |  691.0 |
               +--------+--------+--------+--------+--------+-----+--------+

Top non-repeatable levels by time:
     D:1: 691 daAuts
